 Dungeon Crawl Stone Soup version 0.26.0-10-g1f06aea511 (webtiles) character file.

Game seed: 17998712017066138741

189 MisterFreud the Conjurer (level 5, 0/38 HPs)
             Began as a Demonspawn Conjurer on Jan 28, 2021.
             Slain by an iguana (8 damage)
             ... on level 4 of the Dungeon.
             The game lasted 00:04:48 (4242 turns).

MisterFreud the Conjurer (Demonspawn Conjurer)      Turns: 4242, Time: 00:04:48

Health: 0/38       AC:  3    Str:  7    XL:     5   Next: 40%
Magic:  2/9        EV: 17    Int: 21    God:
Gold:   255        SH:  0    Dex: 11    Spells: 4/9 levels left

rFire    . . .     SeeInvis .   g - +1 short sword (vamp)
rCold    . . .     Faith    .   (no shield)
rNeg     . . .     Spirit   .   a - +0 robe
rPois    .         Reflect  .   (helmet restricted)
rElec    .         Harm     .   (no cloak)
rCorr    .         Rampage  .   t - +0 pair of gloves
Will     .....                  (no boots)
Stlth    ++........             (no amulet)
HPRegen  0.12/turn              (no ring)
MPRegen  0.11/turn              (no ring)

@: agile
A: horns 1, talons 1, demonic guardian 1, powered by pain 1, robust 1
a: no special abilities


You were on level 4 of the Dungeon.
You visited 1 branch of the dungeon, and saw 4 of its levels.

You collected 255 gold pieces.

Inventory:

Hand Weapons
 d - a +0 club
 g - a +1 vampiric short sword (weapon)
Armour
 a - a +0 robe (worn)
 t - a +0 pair of gloves (worn)
Jewellery
 i - an uncursed amulet of guardian spirit {unknown}
Wands
 s - a wand of random effects (15)
 v - a wand of acid (10)
Scrolls
 b - a scroll of enchant armour {unknown}
 c - a scroll of immolation {unknown}
 e - 6 scrolls of identify {unknown}
 f - a scroll of noise {unknown}
 h - a scroll of random uselessness {unknown}
 p - 2 scrolls of remove curse {unknown}
 u - a scroll of fear {unknown}
 w - a scroll of teleportation {unknown}
Potions
 j - a potion of heal wounds
 k - 2 potions of mutation
 l - 2 potions of lignification {unknown}
 m - 2 potions of might {unknown}
 n - 2 potions of attraction {unknown}
 o - a potion of haste {unknown}
 q - a potion of invisibility {unknown}
 r - a potion of curing
 x - a potion of flight {unknown}
 z - a potion of cancellation {unknown}


   Skills:
 - Level 1.7 Dodging
 - Level 1.7 Stealth
 + Level 2.7 Spellcasting
 + Level 6.3 Conjurations


You had 4 spell levels left.
You knew the following spells:

 Your Spells              Type           Power        Failure   Level
a - Magic Dart            Conj           100%         1%          1
b - Fulminant Prism       Conj/Hex       8%           36%         4

Your spell library contained the following spells:

 Spells                   Type           Power        Failure   Level
 Searing Ray              Conj           58%          1%          2
 Dazzling Flash           Conj/Hex       32%          11%         3
 Iskenderun's Mystic Bla  Conj/Tloc      16%          36%         4


Dungeon Overview and Level Annotations

Branches:
Dungeon (4/15)
 Temple: D:4-7

Altars:
Elyvilon
Fedhas
Trog


Innate Abilities, Weirdness & Mutations

You have a pair of small horns on your head.
A weak demonic guardian rushes to your aid.
You sometimes gain a little power by taking damage.
You have sharp toenails.
You are robust. (+10% HP)


Message History

Casting: Magic Dart (safe; 1% risk of failure)
Confirm with . or Enter, or press ? or * to list all spells.
Aiming: Magic Dart (safe; 1% risk of failure)
Press: ? - help, Shift-Dir - straight line, f/p - iguana
Aim: an iguana (severely wounded, 0% to evade)
The magic dart hits the iguana but does no damage.
The iguana is severely wounded.
The iguana bites you!
* * * LOW HITPOINT WARNING * * *
You focus on the pain.
You feel agile all of a sudden.
Casting: Magic Dart (safe; 1% risk of failure)
Confirm with . or Enter, or press ? or * to list all spells.
Aiming: Magic Dart (safe; 1% risk of failure)
Press: ? - help, Shift-Dir - straight line, f/p - iguana
Aim: an iguana (severely wounded, 0% to evade)
The magic dart hits the iguana but does no damage.
The iguana is severely wounded.
The iguana bites you!
You die...

#.# ##.#
#####..# ##
#......####.##
.........#....#
...#####......##
## #........#
##.†.....#
#@........
#.l........#
#....#.......#
....####..†....#
..# ##......# .
......# #.....
..$..


You could see an iguana.

Vanquished Creatures
  2 worker ants (D:4)
  A river rat (D:3)
  4 adders
  2 worms (D:3)
  2 dart slugs
  An orc (D:3)
  2 giant cockroaches
  4 hobgoblins
  8 jackals
  2 quokkas
  2 bats (D:1)
  A frilled lizard (D:4)
  7 goblins
  8 kobolds
  14 rats
60 creatures vanquished.

Vanquished Creatures (collateral kills)
  Terence (D:3)
  A river rat (D:3)
2 creatures vanquished.

Grand Total: 62 creatures vanquished

Notes
Turn   | Place    | Note
-------+----------+-------------------------------------------
     0 | D:1      | MisterFreud the Demonspawn Conjurer began the quest for the
                  | Orb.
     0 | D:1      | Reached XP level 1. HP: 13/13 MP: 3/3
  1170 | D:1      | Gained mutation: You have a pair of small horns on your
                  | head. [demonic ancestry]
  1170 | D:1      | Reached XP level 2. HP: 18/19 MP: 3/5
  1646 | D:2      | Found a faded altar of an unknown god.
  1743 | D:2      | Reached skill level 5 in Conjurations
  1776 | D:2      | Gained mutation: A weak demonic guardian rushes to your
                  | aid. [demonic ancestry]
  1776 | D:2      | Reached XP level 3. HP: 24/24 MP: 4/6
  1914 | D:2      | Found a bloodstained altar of Trog.
  2074 | D:2      | Gained mutation: You are robust. (+10% HP) [potion of
                  | mutation]
  2074 | D:2      | Gained mutation: You have sharp toenails. [potion of
                  | mutation]
  2255 | D:2      | Found a white marble altar of Elyvilon.
  2590 | D:3      | Gained mutation: You sometimes gain a little power by
                  | taking damage. [demonic ancestry]
  2590 | D:3      | Reached XP level 4. HP: 33/33 MP: 2/7
  2873 | D:3      | Noticed Terence
  2888 | D:3      | Killed Terence
  2889 | D:3      | Reached skill level 6 in Conjurations
  3108 | D:3      | Found a blossoming altar of Fedhas.
  3839 | D:4      | Reached XP level 5. HP: 12/38 MP: 1/8
  4127 | D:4      | Learned a level 4 spell: Fulminant Prism
  4242 | D:4      | Slain by an iguana

Illustrated notes

Levels and vault maps discovered:
D:1:      minmay_arrival_hallway, layout_basic, minmay_misc_feat_cross,
          kennysheep_crisscross
D:2:      layout_rooms, old_standard_altar, lemuel_coloured_pillars_altar,
          chequers_ecumenical_altar_simple_redux
D:3:      layout_loops_ring, fedhas_ov_isle_minmay, portal_sewer_entry_e,
          uniq_terence
D:4:      layout_cave_pods, nzn_hepliaklqana_mist_gate,
          nicolae_overflow_crystal_walls, grunt_dithmenos_smoke_and_mirrors,
          minivault_4

Skill      XL: |  1  2  3  4 |
---------------+-------------+-----
Conjurations   | 5 6 |  6.3
Dodging        | |  1.7
Stealth        | |  1.7
Spellcasting   | |  2.7

Action                   |  1- 3 |  4- 6 || total
-------------------------+-------+-------++-------
Melee: Unarmed           |     4 |       ||     4
       Club              |     2 |       ||     2
       Short sword       |    18 |    35 ||    53
       Headbutt          |     2 |     7 ||     9
       Kick              |       |    13 ||    13
 Cast: Magic Dart        |    86 |    59 ||   145
  Use: Potion            |     2 |       ||     2
Armor: Robe              |     6 |     7 ||    13
Dodge: Dodged            |    26 |    15 ||    41
